 Dungeon Crawl Stone Soup version 0.26-b1-32-g5d43845318 (webtiles) character file.

Game seed: 9366021735601002487

25 Borgoz the Skirmisher (level 3, 0/34 HPs)
             Began as a Gargoyle Berserker on Jan 11, 2021.
             Was a Follower of Trog.
             Slain by a worm (2 damage)
             ... on level 2 of the Dungeon.
             The game lasted 00:01:05 (1084 turns).

Borgoz the Skirmisher (Gargoyle Berserker)          Turns: 1084, Time: 00:01:06

Health: 0/34       AC:  5    Str: 20    XL:     3   Next: 4%
Magic:  3/3        EV: 12    Int:  7    God:    Trog [*.....]
Gold:   75         SH:  0    Dex: 10    Spells: 2/2 levels left

rFire    . . .     SeeInvis .   a - +0 mace
rCold    . . .     Faith    .   (no shield)
rNeg     + . .     Spirit   .   b - +0 animal skin
rPois    ∞         Reflect  .   (no helmet)
rElec    +         Harm     .   (no cloak)
rCorr    .         Rampage  .   (no gloves)
Will     .....                  (no boots)
Stlth    ..........             (no amulet)
HPRegen  0.11/turn              (no ring)
MPRegen  0.08/turn              (no ring)

@: berserking, very quick
A: negative energy resistance 1, electricity resistance, unbreathing,
petrification resistance, miasma immunity, AC +3
a: Renounce Religion, Berserk


You were on level 2 of the Dungeon.
You worshipped Trog.
Trog was aware of your devotion.
You visited 1 branch of the dungeon, and saw 2 of its levels.

You collected 75 gold pieces.

Inventory:

Hand Weapons
 a - a +0 mace (weapon)
Armour
 b - a +0 animal skin (worn)
Scrolls
 c - 2 scrolls of identify {unknown}
 e - a scroll of teleportation {unknown}
 h - 2 scrolls of remove curse {unknown}
 i - a scroll of amnesia {unknown}
Potions
 d - a potion of brilliance {unknown}
 f - a potion of flight {unknown}
 g - a potion of degeneration {unknown}
 j - a potion of magic {unknown}
 k - 2 potions of might {unknown}


   Skills:
 + Level 3.5 Fighting
 * Level 3.3 Maces & Flails
 + Level 2.4 Armour
 * Level 2.1 Dodging


You had 2 spell levels left.
You didn't know any spells.
Your spell library was empty.

Dungeon Overview and Level Annotations

Branches:
Dungeon (2/15)

Altars:


Innate Abilities, Weirdness & Mutations

You are resistant to torment.
Your stone body is resilient. (AC +3)
You are immune to poison.
You resist negative energy. (rN+)
You are resistant to electric shocks. (rElec)
You can survive without breathing.
You are immune to petrification.
You are immune to miasma.


Message History

A red film seems to cover your vision as you go berserk!
You feel yourself moving faster!
You feel mighty! The adder bites you.
* * * LOW HITPOINT WARNING * * *
The hobgoblin hits you but does no damage.
The goblin hits you but does no damage. The worm bites you.
* * * LOW HITPOINT WARNING * * *
The goblin misses you.
The dart slug bites you but does no damage.
The adder bites you.
* * * LOW HITPOINT WARNING * * *
You closely miss the adder.
The adder is severely wounded.
The hobgoblin hits you with a +0 club.
* * * LOW HITPOINT WARNING * * *
The goblin barely misses you. The goblin misses you.
You sock the adder!
You kill the adder!
Trog accepts your kill. The dart slug barely misses you. The worm bites you.
You die...

#........ ##
#........ ...
#........
##.####........
...............
...........#
.......<.#
......gw.#
......g@>#
......g†w#
.....?...#
.........#
..!....<$#
#.##..###. ..
... . .... ##


You could see a worm, a dart slug, a hobgoblin and 2 goblins.

Vanquished Creatures
  An adder (D:2)
  5 bats (D:1)
  4 goblins (D:1)
  5 hobgoblins (D:1)
  3 jackals (D:1)
  2 kobolds (D:1)
  A frilled lizard (D:1)
  2 rats (D:1)
23 creatures vanquished.

Notes
Turn   | Place    | Note
-------+----------+-------------------------------------------
     0 | D:1      | Borgoz the Gargoyle Berserker began the quest for the Orb.
     0 | D:1      | Reached XP level 1. HP: 14/14 MP: 1/1
   469 | D:1      | Reached XP level 2. HP: 19/19 MP: 2/2
   846 | D:1      | Reached XP level 3. HP: 23/23 MP: 3/3
  1084 | D:2      | Slain by a worm

Illustrated notes

Levels and vault maps discovered:
D:1:      psy_arrival_whirlpool, layout_loops_cross
D:2:      layout_rooms, amcnicky_mini_rare_corridor_liquid,
          grunt_decor_arrowhead, uniq_crazy_yiuf_cottage, uniq_robin,
          uniq_jessica

Skill      XL: |  1  2 |
---------------+-------+-----
Dodging        | 2 |  2.1
Fighting       | |  3.5
Maces & Flails | |  3.3
Armour         | |  2.4

Action                   || total
-------------------------++-------
Melee: Mace              ||    72
Invok: Berserk           ||     2
Armor: Animal skin       ||    30
Dodge: Dodged            ||    69
